 Dungeon Sprint DCSS version 0.29-a0-1027-gcd8c55af63 (webtiles) character file.

Game seed: 16981986206982746156

1110 mhtbhm the Unseen (level 8, -2/42 HPs)
             Began as a Spriggan Brigand on Aug 13, 2022.
             Was a Believer of Dithmenos.
             Slain by a spatial vortex (3 damage)
             ... in the Dungeon (Sprint III: "The Ten Rune Challenge").
             The game lasted 00:02:03 (700 turns).

mhtbhm the Unseen (Spriggan Brigand)                 Turns: 700, Time: 00:02:04

Health: -2/42      AC:  3    Str:  7    XL:     8   Next: 11%
Magic:  12/13      EV: 20    Int: 13    God:    Dithmenos [**....]
Gold:   32         SH:  0    Dex: 18    Spells: 10/13 levels left

rFire   . . .      SeeInvis +   a - +2 dagger
rCold   . . .      Faith    .   (no shield)
rNeg    . . .      Spirit   .   b - +0 robe
rPois   .          Reflect  .   (helmet restricted)
rElec   .          Harm     .   c - +0 cloak
rCorr   .          Rampage  .   (gloves unavailable)
Will    +....      NoTele   +   (boots unavailable)
Stlth   ++++++++++              (no amulet)
HPRegen 0.14/turn               (no ring)
MPRegen 0.13/turn               (no ring)

@: wreathed by umbra, very quick
A: very small, no large weapons, unfitting armour, see invisible, speed 3
a: Renounce Religion, Shadow Step


You were in the Dungeon.
You worshipped Dithmenos.
Dithmenos was pleased with you.
You visited 1 branch You collected 32 gold pieces.

Inventory:

Hand Weapons
 a - a +2 dagger (weapon)
Missiles
 d - 9 poisoned darts (quivered)
 e - 3 curare-tipped darts
Armour
 b - a +0 robe (worn)
 c - a +0 cloak (worn)
Scrolls
 k - a scroll of blinking
 m - 2 scrolls of poison {unknown}
 n - 4 scrolls of identify
Potions
 f - 3 potions of curing
 g - a potion of heal wounds
 h - a potion of haste
 i - 2 potions of magic
 j - 2 potions of berserk rage
 l - 2 potions of might
 o - 2 potions of flight {unknown}
 p - 5 potions of mutation


   Skills:
 + Level 4.8 Fighting
 + Level 6.5 Short Blades
 + Level 6.1 Throwing
 + Level 5.3 Dodging
 + Level 20.5 Stealth
 * Level 3.2 Spellcasting
 * Level 2.3 Air Magic
 * Level 2.6 Poison Magic


You had 10 spell levels left.
You knew the following spells:

 Your Spells              Type           Power      Damage    Failure   Level
a - Mephitic Cloud        Conj/Pois/Air  6%         N/A       34%         3

Your spell library contained the following spells:

 Spells                   Type           Power      Damage    Failure   Level
 Magic Dart               Conj           8%         1d3       22%         1
 Call Imp                 Summ           2%         N/A       34%         2


Dungeon Overview and Level Annotations

Branches:
Dungeon (1/1)

Altars:
Cheibriados
Dithmenos
Elyvilon
Fedhas
Gozag
Hepliaklqana
Kikubaaqudgha
Makhleb
Nemelex Xobeh
Okawaru
Qazlal
Ru
Sif Muna
Trog
Uskayaw
Vehumet
Wu Jian
Xom
Yredelemnul
Zin
The Shining One
Jiyva
Lugonu


Innate Abilities, Weirdness & Mutations

You are very small and have problems with some larger weapons.
You are too small for most types of armour.
You have supernaturally acute eyesight. (SInv)
You cover ground extremely quickly. (Speed+++)


Message History

The spatial vortex is lightly damaged.
The spatial vortex hits you! Space warps around you.
You hit the spatial vortex.
The spatial vortex is moderately damaged.
There is a hazy altar of Hepliaklqana here.
You hit the spatial vortex.
The spatial vortex is moderately damaged.
You hit the spatial vortex.
The spatial vortex is heavily damaged.
The spatial vortex misses you.
You hit the spatial vortex.
The spatial vortex is heavily damaged.
The spatial vortex misses you.
You hit the spatial vortex.
The spatial vortex is heavily damaged.
You hit the spatial vortex.
The spatial vortex is heavily damaged.
The spatial vortex barely misses you.
You hit the spatial vortex.
The spatial vortex is heavily damaged.
There is an opulent altar of Gozag here.
You barely miss the spatial vortex.
The spatial vortex is heavily damaged.
You hit the spatial vortex.
The spatial vortex is severely damaged.
You hit the spatial vortex.
The spatial vortex is severely damaged.
You hit the spatial vortex but do no damage.
The spatial vortex is severely damaged.
You hit the spatial vortex.
The spatial vortex is almost destroyed.
You barely miss the spatial vortex. Your punch misses the spatial vortex.
The spatial vortex is almost destroyed.
You hit the spatial vortex.
The spatial vortex is almost destroyed.
The spatial vortex hits you!!
Ouch! That really hurt!
* * * LOW HITPOINT WARNING * * *
Space warps around you.
You die...

..♣♣♣ ♣.############
....♣♣ ♣.#___#___#__#
.....♣ ♣♣.#)..#__)#._#
...~.♣♣♣..###'#'###'##
..~~♣♣.♣..#..........#
.~~~~.♣...'.⌠........#
.~≈≈~~~...#...######'#
~~≈~~~....#.⌠.#__#...#
~≈~~~.....#...#_@#...#
~~~.......#'###v_#...#
..........#.))#__#...+
..........#___#__'...#
▓▓▓▓▓▓▓▓▓▓▓▓▓▓▓▓▓▓▓▓▓▓


You could see a spatial vortex.

Vanquished Creatures
  A deep elf pyromancer (D)
  A shadow (D)
  A necrophage (D)
  A water elemental (D)
  A jelly (D)
  A wizard (D)
  Jessica (D)
  A necromancer (D)
  3 humans (D)
  A kobold demonologist (D)
  A wolf (D)
  3 rats (D)
16 creatures vanquished.

Vanquished Creatures (others)
  2 plants (D)
2 creatures vanquished.

Grand Total: 18 creatures vanquished

Notes
Turn   | Place    | Note
-------+----------+-------------------------------------------
     0 | D        | mhtbhm the Spriggan Brigand began the quest for the Orb.
     0 | D        | Reached XP level 1. HP: 10/10 MP: 2/2
     6 | D        | Reached skill level 6 in Stealth
    12 | D        | Noticed Jessica
    15 | D        | Killed Jessica
    16 | D        | Reached skill level 9 in Stealth
    16 | D        | Reached XP level 2. HP: 15/15 MP: 3/3
    55 | D        | Reached skill level 10 in Stealth
    55 | D        | Reached XP level 3. HP: 17/18 MP: 4/4
   160 | D        | Reached skill level 11 in Stealth
   373 | D        | Noticed a water elemental
   376 | D        | Killed a water elemental
   377 | D        | Reached skill level 13 in Stealth
   377 | D        | Reached XP level 4. HP: 23/23 MP: 5/5
   387 | D        | Found a shadowy altar of Dithmenos.
   387 | D        | Noticed a necrophage
   388 | D        | Found a basalt altar of Yredelemnul.
   388 | D        | Found a sacrificial altar of Ru.
   390 | D        | Reached XP level 5. HP: 28/28 MP: 6/6
   392 | D        | Became a worshipper of Dithmenos the Shadowed
   422 | D        | Reached skill level 15 in Stealth
   615 | D        | Found a radiant altar of Vehumet.
   616 | D        | Found a shimmering blue altar of Sif Muna.
   616 | D        | Found an ancient bone altar of Kikubaaqudgha.
   619 | D        | Reached * piety under Dithmenos
   620 | D        | Reached skill level 5 in Short Blades
   632 | D        | Found a glowing silver altar of Zin.
   633 | D        | Found a glowing golden altar of the Shining One.
   633 | D        | Found a white marble altar of Elyvilon.
   633 | D        | Noticed a deep elf pyromancer
   635 | D        | Killed a deep elf pyromancer
   636 | D        | Reached skill level 5 in Throwing
   636 | D        | Reached skill level 19 in Stealth
   636 | D        | Reached XP level 6. HP: 34/34 MP: 7/7
   636 | D        | Reached XP level 7. HP: 38/38 MP: 8/8
   644 | D        | Learned a level 3 spell: Mephitic Cloud
   649 | D        | Found a hide-covered altar of Uskayaw.
   649 | D        | Found an iron altar of Okawaru.
   650 | D        | Found a bloodstained altar of Trog.
   650 | D        | Found an ornate altar of the Wu Jian Council.
   650 | D        | Noticed a human
   650 | D        | Noticed a human
   652 | D        | Killed a human
   653 | D        | Reached skill level 5 in Dodging
   653 | D        | Reached skill level 1 in Spellcasting
   653 | D        | Reached skill level 1 in Air Magic
   653 | D        | Reached skill level 1 in Poison Magic
   653 | D        | Killed a human
   653 | D        | Reached ** piety under Dithmenos
   654 | D        | Reached skill level 20 in Stealth
   670 | D        | Noticed a shadow
   672 | D        | Killed a shadow
   673 | D        | Reached XP level 8. HP: 42/42 MP: 9/13
   678 | D        | Found a blossoming altar of Fedhas.
   678 | D        | Found a stormy altar of Qazlal.
   679 | D        | Found a snail-covered altar of Cheibriados.
   679 | D        | Found a burning altar of Makhleb.
   679 | D        | Found a hazy altar of Hepliaklqana.
   679 | D        | Found a shimmering altar of Xom.
   679 | D        | Found an opulent altar of Gozag.
   679 | D        | Found a sparkling altar of Nemelex Xobeh.
   679 | D        | Found a corrupted altar of Lugonu.
   679 | D        | Found a viscous altar of Jiyva.
   700 | D        | HP: 1/42 [spatial vortex (26)]
   700 | D        | Slain by a spatial vortex

Illustrated notes

Levels and vault maps discovered:
D:        dungeon_sprint_mu [sprint_mu_entry_forest, sprint_mu_temple_rooms,
          sprint_mu_d1_horrors, sprint_mu_d2_genie, sprint_mu_d3_branching,
          sprint_mu_orc_legion, sprint_mu_elf_gauntlet, sprint_mu_hive_nellie,
          sprint_mu_lair_fedhas, sprint_mu_vaults_butterflies,
          sprint_mu_slime_circle, sprint_mu_swamp_cave, sprint_mu_shoals_kraken,
          sprint_mu_blade_basic, sprint_mu_crypt_lich, sprint_mu_tomb_spiral,
          sprint_mu_vestibule_basic, sprint_mu_gehenna_hellfire,
          sprint_mu_dis_giant, sprint_mu_tartarus_statrot,
          sprint_mu_cocytus_islands, sprint_mu_zot1]

Skill      XL: |  1  2  3  4  5  6  7 |
---------------+----------------------+-----
Stealth        | 9 10 13 19 20 | 20.5
Fighting       | 2 4 |  4.8
Short Blades   | 3 4 6 |  6.5
Throwing       | 3 5 6 |  6.1
Dodging        | 2 4 5 |  5.3
Spellcasting   | 3 |  3.2
Air Magic      | 2 |  2.3
Poison Magic   | 2 |  2.6

Action                   |  1- 3 |  4- 6 |  7- 9 || total
-------------------------+-------+-------+-------++-------
Melee: Dagger            |    21 |    22 |    22 ||    65
       Punch             |       |     1 |       ||     1
Throw: Dart              |     8 |       |       ||     8
  Use: Potion            |       |     1 |       ||     1
 Stab: Sleeping          |     4 |     4 |     4 ||    12
Armor: Robe              |     2 |     2 |       ||     4
Dodge: Dodged            |     9 |     7 |     5 ||    21

Table legend: (Time is in decaauts)
 A = Elapsed time spent in this place.
 B = Non-inter-level travel time spent in this place.
 C = Inter-level travel time spent in this place.
 D = Time resting spent in this place.
 E = Time spent auto-exploring this place.
 F = Levels seen in this place.
 G = Mean time per level.
                   A        B        C        D        E       F      G
               +--------+--------+--------+--------+--------+-----+--------+
         Total |    606 |    606 |      0 |    388 |      9 |   1 |  606.0 |
       Dungeon |    606 |    606 |      0 |    388 |      9 |   1 |  606.0 |
               +--------+--------+--------+--------+--------+-----+--------+

Top non-repeatable levels by time:
       D: 606 daAuts
